 Dungeon Crawl Stone Soup version 0.29.1-15-g9cfb28693d (webtiles) character file.

Game seed: 15490387929676470288

16303 kingofthe the Nimble (level 12, -16/59 HPs)
             Began as a Deep Elf Conjurer on Mar 1, 2023.
             Was an Initiate of Sif Muna.
             Demolished by a skeletal warrior
             ... wielding a +0 scimitar
              (26 damage)
             ... on level 10 of the Dungeon on Mar 2, 2023.
             The game lasted 01:43:45 (17576 turns).

kingofthe the Nimble (Deep Elf Conjurer)           Turns: 17576, Time: 01:43:46

Health: -16/59     AC: 12    Str: 17    XL:     12   Next: 8%
Magic:  34/38      EV: 21    Int: 38    God:    Sif Muna [......]
Gold:   833        SH:  0    Dex: 21    Spells: 8/32 levels left

rFire   . . .      SeeInvis .   n - +5 spear (freeze)
rCold   . . .      Faith    .   (no shield)
rNeg    . . .      Spirit   .   m - +4 robe of Augmentation {Str+4 Int+4 Dex+4}
rPois   +          Reflect  .   O - +3 hat of Pondering {ponderous, Will+ MP+10 Int+5}
rElec   .          Harm     .   p - +0 cloak
rCorr   .          Rampage  .   P - +0 pair of gloves
Will    ++...                   j - +0 pair of boots of the Caustic Catamount {Str+6}
Stlth   ++++......              E - amulet "Pishrel" {rPois Regen+ Str+3 Int+4}
HPRegen 0.99/turn               z - ring of wizardry
MPRegen 0.26/turn               Z - ring of wizardry

@: about to teleport, slow
A: no striking features
a: Renounce Religion


You were on level 10 of the Dungeon.
You worshipped Sif Muna.
Sif Muna was noncommittal.
You visited 3 branches of the dungeon, and saw 13 of its levels.
You also visited: Gauntlet.

You collected 1008 gold pieces.
You spent 175 gold pieces at shops.


   Skills:
 + Level 11.6 Dodging
 - Level 9.0 Stealth
 + Level 10.8 Spellcasting
 + Level 9.9 Conjurations
 - Level 9.1 Hexes
 - Level 3.0 Translocations
 * Level 6.6 Fire Magic
 + Level 6.9 Invocations


You had 8 spell levels left.
You knew the following spells:

 Your Spells              Type           Power      Damage    Failure   Level
a - Magic Dart            Conj           100%       1d8       1%          1
b - Searing Ray           Conj           100%       2d8       1%          2
c - Fulminant Prism       Conj/Hex       37%        3d18      1%          4
d - Dazzling Flash        Conj/Hex       100%       N/A       1%          3
e - Scorch                Fire           100%       2d10      1%          2
f - Flame Wave            Conj/Fire      70%        2d16      1%          4
g - Starburst             Conj/Fire      35%        6d10      2%          6
z - Blink                 Tloc           86%        N/A       1%          2

Your spell library contained the following spells:

 Spells                   Type           Power      Damage    Failure   Level
 Necrotise                Necr           80%        1d8       1%          1
 Iskenderun's Mystic Bla  Conj/Tloc      62%        2d13      1%          4
 Manifold Assault         Tloc           43%        N/A       4%          5
 Summon Cactus Giant      Summ           10%        N/A       54%         6
 Storm Form               Tmut/Air       10%        N/A       97%         7

Inventory:

Hand Weapons
 i - a +2 rapier of electrocution
 n - a +5 spear of freezing (weapon)
 Q - a +5 spear of flaming
Armour
 a - an orb of light
 j - the +0 pair of boots of the Caustic Catamount (worn) {Str+6}
   (You acquired it on level 10 of the Dungeon)

   Str:       It affects your strength (+6).
 m - the +4 robe of Augmentation (worn) {Str+4 Int+4 Dex+4}
   (You found it on level 2 of the Dungeon)

   Str:       It affects your strength (+4).
   Int:       It affects your intelligence (+4).
   Dex:       It affects your dexterity (+4).
 p - a +0 cloak (worn)
 O - the +3 hat of Pondering (worn) {ponderous, Will+ MP+10 Int+5}
   (You took it off Gastronok on level 8 of the Dungeon)

   Int:       It affects your intelligence (+5).
   MP:        It affects your magic capacity (+10).
   Will:      It increases your willpower.
 P - a +0 pair of gloves (worn)
 V - the -1 pair of gloves of Fun and Games {Fly Will- rCorr SInv}
   (You found it in a Gauntlet)

   SInv:      It lets you see invisible.
   Fly:       It grants you flight.
   rCorr:     It protects you from acid and corrosion.
   Will:      It decreases your willpower.
Jewellery
 l - the ring "Ifionnoa" {rC+ SInv}
   (You found it in a Gauntlet)

   [ring of see invisible]

   rC:        It protects you from cold.
   SInv:      It lets you see invisible.
 z - a ring of wizardry (left hand)
 E - an amulet "Pishrel" (around neck) {rPois Regen+ Str+3 Int+4}
   (You found it in a Gauntlet)

   [amulet of regeneration]

   Str:       It affects your strength (+3).
   Int:       It affects your intelligence (+4).
   rPois:     It protects you from poison.
   Regen:     It increases your rate of health regeneration.
 F - a ring of fire
 H - an amulet of the acrobat
 L - a ring of flight
 N - an amulet of reflection
 R - a ring of resist corrosion
 Z - a ring of wizardry (right hand)
Wands
 o - a wand of acid (18)
 s - a wand of flame (27)
 u - a wand of mindburst (19)
 B - a wand of paralysis (15)
 Y - a wand of polymorph (7)
Scrolls
 c - 4 scrolls of amnesia
 d - 4 scrolls of teleportation {@r2}
 f - 6 scrolls of butterflies
 y - a scroll of magic mapping
 C - a scroll of poison
 D - 5 scrolls of blinking
 U - a scroll of identify {@r1}
Potions
 b - a potion of magic
 q - 3 potions of curing {@q1}
 r - 3 potions of cancellation
 A - 3 potions of haste {@q3}
 J - a potion of ambrosia
Miscellaneous
 X - a phial of floods

Dungeon Overview and Level Annotations

Branches:
Dungeon (11/15)            Temple (1/1) D:7            Lair (1/5) D:10
Gauntlet (visited)
    Orc: D:9-12

Altars:
Ashenzari
Cheibriados
Dithmenos
Elyvilon
Fedhas
Gozag
Hepliaklqana
Kikubaaqudgha
Makhleb
Nemelex Xobeh
Okawaru
Qazlal
Ru
Sif Muna
Trog
Uskayaw
Vehumet
Wu Jian
Xom
Yredelemnul
Zin
The Shining One

Shops:
D:4 ?   D:6 *

Annotations:
D:9 exclusion: downstairs

#......< #.######
##.## #######.#.##
##########
#..O✱..###.#
#.O......#
#.#####.#.##
#.######.# #.#
##.## #.#
#.###.### ### #.#
#.@z>...# #.#
#####.#.# #.#
#.#.# #)# ###.#.#
#O# #.....#
#.########.###.#
#....>..[).# #.#
#########[.###.#
#....).###########


You could see a skeletal warrior.


Message History

[Y]es or [N]o only, please.
The spell is quite dangerous to miscast (4% risk of failure)!
Continue anyway?
Okay, then.
Press: ? - help, v - describe, . - travel
Here: a skeletal warrior, wielding a +0 scimitar (lightly damaged)
The floor.
You remove your ring of wizardry.
The skeletal warrior hits you with a +0 scimitar!!
Casting: Starburst (quite dangerous; 10% risk of failure)
Confirm with . or Enter, or press ? or * to list all spells.
The spell is quite dangerous to miscast (10% risk of failure)!
Continue anyway?
Okay, then.
z - a ring of wizardry (left hand) You're wearing all the rings you can.
Remove which one? (? for menu, Esc to cancel) < or
z - a ring of wizardry; > or
l - the ring "Ifionnoa" {rC+ SInv} You remove the ring "Ifionnoa" {rC+ SInv}.
The skeletal warrior hits you with a +0 scimitar!!
* * * LOW HITPOINT WARNING * * *
Z - a ring of wizardry (right hand)
As you read the scroll of teleportation {@r2}, it crumbles to dust.
You feel strangely unstable.
The skeletal warrior hits you with a +0 scimitar!!
* * * LOW HITPOINT WARNING * * *
You feel much better.
The skeletal warrior hits you with a +0 scimitar!!
* * * LOW HITPOINT WARNING * * *
The skeletal warrior attacks as you move away!
The skeletal warrior hits you with a +0 scimitar!!
You die...

Skill      XL: |  1  2  3  4  5  6  7  8  9 10 11 |
---------------+----------------------------------+-----
Stealth        | 3 4 5 7 8 9 |  9.0
Dodging        | 3 4 5 7 9 10 11 | 11.6
Spellcasting   | 4 5 6 7 8 9 10 | 10.8
Conjurations   | 5 6 7 8 9 |  9.9
Hexes          | 1 3 5 6 8 9 |  9.1
Invocations    | 3 5 6 |  6.9
Fire Magic     | 1 6 |  6.6
Translocations | 3 |  3.0

Action                   |  1- 3 |  4- 6 |  7- 9 | 10-12 || total
-------------------------+-------+-------+-------+-------++-------
Melee: Unarmed           |     9 |       |       |       ||     9
 Cast: Magic Dart        |    81 |    46 |    84 |    18 ||   229
       Searing Ray       |     9 |    18 |    50 |    14 ||    91
       Fulminant Prism   |       |       |    33 |   107 ||   140
       Scorch            |       |       |       |    25 ||    25
       Dazzling Flash    |       |       |       |     2 ||     2
       Blink             |       |       |       |     1 ||     1
       Flame Wave        |       |       |       |     1 ||     1
       Starburst         |       |       |       |     1 ||     1
Evoke: Wand              |       |       |     6 |     2 ||     8
  Use: Scroll            |       |       |     2 |    24 ||    26
       Potion            |       |       |       |     3 ||     3
Armor: Robe              |     6 |     1 |    21 |    14 ||    42
Dodge: Dodged            |    11 |     6 |    39 |    74 ||   130
Block: Other             |       |       |       |    19 ||    19
       Reflection        |       |       |       |     2 ||     2

Levels and vault maps discovered:
D:1:      nzn_arrival_water_spiral, layout_loops_ring,
          hellmonk_ecumenical_altar_inner_sanctum, serial_park_tiny_2,
          serial_bayou_lagoon_a
D:2:      layout_rooms, kennysheep_cluttered_room, kennysheep_big_empty_room,
          patterned_corridor, uniq_crazy_yiuf_cottage, uniq_sigmund
D:3:      layout_basic, gammafunk_temple_overflow_statue, uniq_terence
D:4:      layout_rooms, serial_shops, shop
D:5:      layout_loops_corners, saegor_snake_ambush
D:6:      layout_basic, nicolae_alphabet_shops
D:7:      layout_rooms, kennysheep_mini, minmay_temple_entry_junction,
          chequers_hall_statues_wall_a
D:8:      layout_basic, grunt_decor_junction, uniq_gastronok
D:9:      layout_long_grid, grunt_temple_overflow_magic_moments,
          mainiacjoe_overflow_tiny_flanked
D:10:     layout_loops_ring, dpeg_oklobed_lair, uniq_lodul, uniq_grum
D:11:     layout_loops_ring, uniq_nergalle, uniq_fannar
Temple:   hellmonk_temple_of_storms
Lair:1:   layout_regular_city, gauntlet_entry_generic

Notes
Turn   | Place    | Note
-------+----------+-------------------------------------------
     0 | D:1      | kingofthe the Deep Elf Conjurer began the quest for the
                  | Orb.
     0 | D:1      | Reached XP level 1. HP: 10/10 MP: 6/6
   215 | D:1      | Reached XP level 2. HP: 15/15 MP: 2/8
   218 | D:1      | Learned a level 2 spell: Searing Ray
   552 | D:1      | Reached skill level 3 in Stealth
   658 | D:1      | HP: 1/15 [jackal (1)]
   661 | D:1      | Reached skill level 3 in Dodging
   983 | D:1      | Reached XP level 3. HP: 19/19 MP: 8/10
  1145 | D:1      | Found a faded altar of an unknown god.
  2123 | D:2      | Found the +4 robe of Augmentation {Str+4 Int+4 Dex+4}
  2145 | D:2      | Reached skill level 4 in Spellcasting
  2198 | D:2      | Noticed Sigmund
  2209 | D:2      | Reached XP level 4. HP: 14/24 MP: 2/12
  2210 | D:2      | Killed Sigmund
  2211 | D:2      | Reached skill level 4 in Dodging
  2211 | D:2      | Reached skill level 4 in Stealth
  2211 | D:2      | Reached skill level 5 in Conjurations
  2211 | D:2      | Reached XP level 5. HP: 16/28 MP: 1/14
  2568 | D:2      | Found a runed translucent door.
  2569 | D:2      | Noticed Crazy Yiuf
  2633 | D:3      | Learned a level 4 spell: Fulminant Prism
  2817 | D:3      | Reached skill level 1 in Hexes
  2817 | D:3      | Reached XP level 6. HP: 32/32 MP: 8/15
  2822 | D:3      | Reached skill level 5 in Spellcasting
  2942 | D:3      | Found a basalt altar of Yredelemnul.
  2943 | D:3      | Found an iron altar of Okawaru.
  3596 | D:3      | Noticed Terence
  3599 | D:3      | Killed Terence
  3823 | D:4      | Reached skill level 2 in Hexes
  3919 | D:4      | You fall into a shaft and drop 3 floors!
  4184 | D:7      | Noticed an ice beast
  4185 | D:7      | Noticed a hornet
  4241 | D:7      | Found a staircase to the Ecumenical Temple.
  4256 | D:7      | Reached skill level 5 in Stealth
  4256 | D:7      | Reached skill level 3 in Hexes
  4256 | D:7      | Reached XP level 7. HP: 33/36 MP: 3/17
  4387 | D:7      | Reached skill level 6 in Conjurations
  4434 | D:7      | Reached skill level 5 in Dodging
  4567 | D:7      | Noticed a steam dragon
  4599 | D:7      | Reached skill level 4 in Hexes
  4973 | D:6      | Reached skill level 6 in Spellcasting
  5104 | D:6      | Reached skill level 5 in Hexes
  5169 | D:6      | Reached XP level 8. HP: 41/41 MP: 13/19
  5216 | D:5      | Entered Level 5 of the Dungeon
  5243 | D:5      | Reached skill level 6 in Stealth
  5463 | D:5      | Learned a level 3 spell: Dazzling Flash
  5554 | D:4      | Reached skill level 6 in Hexes
  5798 | D:4      | Reached skill level 6 in Dodging
  6207 | D:4      | Found Bydeobomy's Magic Scroll Emporium.
  6304 | D:4      | Bought a scroll of identify for 20 gold pieces
  6304 | D:4      | Bought a scroll of blinking for 75 gold pieces
  6379 | D:5      | Reached skill level 7 in Conjurations
  6530 | D:5      | Reached skill level 7 in Spellcasting
  7098 | D:5      | Reached skill level 7 in Dodging
  7379 | D:6      | Reached skill level 7 in Stealth
  7379 | D:6      | Reached XP level 9. HP: 39/45 MP: 13/21
  7561 | D:6      | Found Sowkasy's Superlative Supplies.
  7744 | D:7      | Reached skill level 7 in Hexes
  7858 | Temple   | Entered the Ecumenical Temple
  7967 | D:7      | Found a white marble altar of Elyvilon.
  8007 | D:7      | Reached skill level 8 in Dodging
  8517 | D:8      | Reached skill level 8 in Spellcasting
  8695 | D:8      | Noticed a troll
  8701 | D:8      | Killed a troll
  8702 | D:8      | Reached skill level 8 in Stealth
  8702 | D:8      | Reached skill level 1 in Invocations
  8823 | D:8      | Reached skill level 9 in Dodging
  8823 | D:8      | Reached skill level 8 in Conjurations
  8910 | D:8      | Reached skill level 2 in Invocations
  9169 | D:8      | Noticed Gastronok
  9199 | D:8      | Reached skill level 8 in Hexes
  9208 | D:8      | Killed Gastronok
  9209 | D:8      | Reached skill level 3 in Invocations
  9209 | D:8      | Reached XP level 10. HP: 50/50 MP: 1/24
 10229 | D:9      | Found an opulent altar of Gozag.
 10252 | D:9      | Reached skill level 4 in Invocations
 10354 | D:9      | Reached skill level 10 in Dodging
 10458 | D:9      | Reached skill level 9 in Spellcasting
 10700 | D:9      | Reached skill level 9 in Stealth
 10700 | D:9      | Reached skill level 5 in Invocations
 10705 | D:9      | Reached skill level 9 in Hexes
 10870 | D:9      | Learned a level 6 spell: Starburst
 10988 | D:9      | Found an ancient bone altar of Kikubaaqudgha.
 10988 | D:9      | Found a shimmering blue altar of Sif Muna.
 10990 | D:9      | Found a radiant altar of Vehumet.
 10996 | D:9      | Became a worshipper of Sif Muna the Loreminder
 11004 | D:9      | Got Kikubaaqudgha's Opusculum on Left-Handed Deeds
 11233 | D:10     | Entered Level 10 of the Dungeon
 11559 | D:10     | Learned a level 2 spell: Scorch
 11564 | D:10     | Learned a level 4 spell: Flame Wave
 11565 | D:10     | Noticed a gargoyle
 11574 | D:10     | Noticed Lodul
 11580 | D:10     | Reached skill level 1 in Fire Magic
 11604 | D:10     | Reached XP level 11. HP: 54/54 MP: 21/26
 11609 | D:10     | Noticed a two-headed ogre
 11814 | D:10     | Reached skill level 2 in Fire Magic
 12137 | D:2      | Killed Crazy Yiuf
 12217 | D:4      | Bought a scroll of amnesia for 40 gold pieces
 12217 | D:4      | Bought a scroll of butterflies for 40 gold pieces
 12536 | D:10     | Noticed Grum
 12545 | D:10     | Killed Grum
 12546 | D:10     | Reached skill level 9 in Conjurations
 12548 | D:10     | Killed a two-headed ogre
 12556 | D:10     | Reached skill level 3 in Fire Magic
 13023 | D:10     | Found a staircase to the Lair.
 13396 | D:9      | Found an opulent altar of Gozag.
 13644 | D:9      | Found an ancient bone altar of Kikubaaqudgha.
 13644 | D:9      | Found a shimmering blue altar of Sif Muna.
 13647 | D:9      | Found a radiant altar of Vehumet.
 14125 | D:10     | Reached skill level 11 in Dodging
 14126 | D:10     | Reached skill level 4 in Fire Magic
 14133 | D:10     | Reached skill level 6 in Invocations
 14284 | Lair:1   | Entered Level 1 of the Lair of Beasts
 14314 | Lair:1   | Learned a level 2 spell: Blink
 14326 | Lair:1   | Reached skill level 10 in Spellcasting
 14354 | Lair:1   | Reached skill level 1 in Translocations
 14500 | Lair:1   | Found a gate leading to a gauntlet.
 14514 | Gauntlet | Entered a Gauntlet
 14514 | Gauntlet | Found a transporter.
 14518 | Gauntlet | Noticed a tengu warrior
 14524 | Gauntlet | Found a transporter.
 14539 | Gauntlet | Found a transporter.
 14544 | Gauntlet | Found a transporter.
 14544 | Gauntlet | Noticed a fire crab
 14559 | Gauntlet | Found a transporter.
 14578 | Gauntlet | Found a transporter.
 14580 | Gauntlet | Noticed a death drake
 14586 | Gauntlet | Found a large runed translucent door.
 14587 | Gauntlet | Found a large runed translucent door.
 14587 | Gauntlet | Noticed a necromancer
 14587 | Gauntlet | Noticed a death yak
 14588 | Gauntlet | Found a large runed translucent door.
 14588 | Gauntlet | Found a large runed translucent door.
 14588 | Gauntlet | Noticed a death yak
 14588 | Gauntlet | Noticed a death yak
 14589 | Gauntlet | Found a runed translucent gate.
 14589 | Gauntlet | Noticed a death yak
 14590 | Gauntlet | Found a transporter.
 14590 | Gauntlet | Found a runed translucent gate.
 14590 | Gauntlet | Noticed a death yak
 14590 | Gauntlet | Noticed a death yak
 14591 | Gauntlet | Found a runed translucent gate.
 14592 | Gauntlet | Found a large runed translucent door.
 14592 | Gauntlet | Found a large runed translucent door.
 14593 | Gauntlet | Found a large runed translucent door.
 14594 | Gauntlet | Found a large runed translucent door.
 14602 | Gauntlet | Found a transporter.
 14604 | Gauntlet | Found a large runed translucent door.
 14604 | Gauntlet | Found a large runed translucent door.
 14604 | Gauntlet | Found a runed translucent door.
 14604 | Gauntlet | Found a runed translucent door.
 14605 | Gauntlet | Found a large runed translucent door.
 14606 | Gauntlet | Found a large runed translucent door.
 14608 | Gauntlet | Found a transporter.
 14608 | Gauntlet | Found a transporter.
 14623 | Gauntlet | Found a transporter.
 14635 | Gauntlet | Found a transporter.
 14639 | Gauntlet | Noticed a blizzard demon
 14652 | Gauntlet | Found a transporter.
 14670 | Gauntlet | Found a transporter.
 14672 | Gauntlet | Found a transporter.
 14673 | Gauntlet | Noticed an oklob plant
 14698 | Gauntlet | Found a transporter.
 14700 | Gauntlet | Found a transporter.
 14720 | Gauntlet | Found a transporter.
 14794 | Gauntlet | Found a large runed translucent door.
 14794 | Gauntlet | Found a large runed translucent door.
 14795 | Gauntlet | Found a large runed translucent door.
 14796 | Gauntlet | Found a large runed translucent door.
 15074 | Gauntlet | Reached skill level 2 in Translocations
 15373 | Gauntlet | Killed an oklob plant
 15540 | Gauntlet | Identified the ring "Ifionnoa" {rC+ SInv}
 15632 | Gauntlet | Reached skill level 5 in Fire Magic
 15669 | Gauntlet | Identified an amulet "Pishrel" {rPois Regen+ Str+3 Int+4}
 15798 | Gauntlet | Noticed a minotaur
 15818 | Gauntlet | Killed a minotaur
 15819 | Gauntlet | Reached skill level 3 in Translocations
 15979 | Gauntlet | Identified the -1 pair of gloves of Fun and Games {Fly
                  | Will- rCorr SInv}
 16246 | Lair:1   | Identified a scroll of acquirement
 16402 | Lair:1   | Reached skill level 6 in Fire Magic
 16674 | Lair:1   | Reached XP level 12. HP: 59/59 MP: 24/28
 17119 | D:10     | Acquired the +0 pair of boots of the Caustic Catamount
                  | {Str+6}
 17227 | D:10     | Killed Lodul
 17572 | D:10     | HP: 5/59 [skeletal warrior/+0 scimitar (20)]
 17576 | D:10     | Demolished by a skeletal warrior

Vanquished Creatures
  Gastronok (D:8)
  A minotaur (Gauntlet)
  A two-headed ogre (D:10)
  Lodul (D:10)
  An oklob plant (Gauntlet)
  A black mamba (Lair:1)
  A torpor snail (Gauntlet)
  2 gargoyles
  A rime drake (Lair:1)
  A cane toad (Lair:1)
  An unseen horror (D:11)
  3 trolls
  3 hornets
  A tyrant leech (Gauntlet)
  Sigmund (D:2)
  22 yaks
  A shadow (D:10)
  A basilisk (Lair:1)
  2 wraiths
  Grum (D:10)
  2 steam dragons
  2 swamp worms (Gauntlet)
  2 acid dragons
  2 water moccasins
  A black bear (D:6)
  4 orc warriors
  11 ogres
  An ice beast (D:7)
  3 sky beasts
  2 wolves (D:10)
  3 centaurs
  2 phantoms
  3 bullfrogs
  3 scorpions
  12 wights
  6 killer bees (D:9)
  A howler monkey (D:8)
  A lava snake (D:8)
  A jelly (D:5)
  6 orc priests
  A gnoll bouda (D:7)
  Crazy Yiuf (D:2)
  4 iguanas
  17 orc wizards
  Terence (D:3)
  8 gnolls
  11 adders
  A shadow imp (D:8)
  3 white imps
  2 worms (D:2)
  2 dart slugs (D:1)
  49 orcs
  5 bats
  4 endoplasms
  3 giant cockroaches
  5 goblins
  5 hobgoblins
  7 jackals
  5 quokkas
  10 ball pythons
  A frilled lizard (D:1)
  6 kobolds
  8 rats
274 creatures vanquished.

Vanquished Creatures (others)
  24 demonic plants (Gauntlet)
  140 fulminant prisms
  2 fungi (Lair:1)
  19 plants
  3 withered plants (Gauntlet)
188 creatures vanquished.

Grand Total: 462 creatures vanquished

Table legend: (Time is in decaauts)
 A = Elapsed time spent in this place.
 B = Non-inter-level travel time spent in this place.
 C = Inter-level travel time spent in this place.
 D = Time resting spent in this place.
 E = Time spent auto-exploring this place.
 F = Levels seen in this place.
 G = Mean time per level.
                   A        B        C        D        E       F      G
               +--------+--------+--------+--------+--------+-----+--------+
         Total |  18142 |  16700 |   1442 |   3957 |   8958 |  14 | 1295.9 |
       Dungeon |  15067 |  13726 |   1341 |   3315 |   7713 |  11 | 1369.7 |
        Temple |     86 |     80 |      6 |      0 |     68 |   1 |   86.0 |
          Lair |   1422 |   1327 |     95 |    125 |    867 |   1 | 1422.0 |
      Gauntlet |   1566 |   1566 |      0 |    517 |    309 |   1 | 1566.0 |
               +--------+--------+--------+--------+--------+-----+--------+

Top non-repeatable levels by time:
     D:9: 2648 daAuts
     D:8: 1813 daAuts
    D:10: 1606 daAuts
Gauntlet: 1566 daAuts
     D:1: 1494 daAuts
  Lair:1: 1422 daAuts
     D:5: 1398 daAuts
     D:7: 1358 daAuts
     D:3: 1280 daAuts
     D:2: 1183 daAuts
     D:4: 1130 daAuts
     D:6: 1041 daAuts
    D:11: 113 daAuts
  Temple: 86 daAuts

Table legend:
 A = Non-vault XP
 B = Vault XP
 C = Vault XP percentage of total XP
 D = Non-vault monster count
 E = Vault monster count
 F = Vault count percentage of total count
                 A         B        C        D         E       F
            +---------+---------+-------+---------+---------+-------
      Total |   15844 |    7447 |  32.0 |     244 |      30 |  10.9
            +---------+---------+-------+---------+---------+-------
        D:1 |      54 |       0 |   0.0 |      30 |       0 |   0.0
        D:2 |      52 |     282 |  84.4 |      13 |       2 |  13.3
        D:3 |     146 |      32 |  18.0 |      30 |       1 |   3.2
        D:4 |     498 |       0 |   0.0 |      29 |       0 |   0.0
        D:5 |     727 |      16 |   2.2 |      19 |       3 |  13.6
        D:6 |     783 |       0 |   0.0 |      13 |       0 |   0.0
        D:7 |    1492 |       0 |   0.0 |      27 |       0 |   0.0
        D:8 |    2144 |    1565 |  42.2 |      29 |       1 |   3.3
        D:9 |    2976 |       0 |   0.0 |      20 |       0 |   0.0
       D:10 |    2964 |    2232 |  43.0 |      18 |      13 |  41.9
       D:11 |     355 |       0 |   0.0 |       1 |       0 |   0.0
     Lair:1 |    3653 |       0 |   0.0 |      15 |       0 |   0.0
   Gauntlet |       0 |    3320 | 100.0 |       0 |      10 | 100.0
            +---------+---------+-------+---------+---------+-------
